 Dungeon Crawl Stone Soup version 0.29.1-15-g9cfb28693d (webtiles) character file.

Game seed: 6318650424240096567

35 Barneous the Cutter (level 3, -1/26 HPs)
             Began as a Human Wanderer on Feb 24, 2023.
             Slain by an adder (2 damage)
             ... on level 2 of the Dungeon.
             The game lasted 00:05:15 (1756 turns).

Barneous the Cutter (Human Wanderer)                Turns: 1756, Time: 00:05:17

Health: -1/26      AC:  3    Str:  9    XL:     3   Next: 55%
Magic:  3/4        EV: 10    Int: 14    God:
Gold:   46         SH:  4    Dex: 15    Spells: 3/4 levels left

rFire   . . .      SeeInvis .   e - staff of death
rCold   . . .      Faith    .   b - +0 buckler
rNeg    + . .      Spirit   .   d - +0 robe
rPois   .          Reflect  .   (no helmet)
rElec   .          Harm     .   (no cloak)
rCorr   .          Rampage  .   (no gloves)
Will    .....                   h - +0 pair of boots
Stlth   ++........              (no amulet)
HPRegen 0.08/turn               (no ring)
MPRegen 0.09/turn               (no ring)

@: lethally poisoned (-1 -> -5), very slightly contaminated
A: no striking features
a: no special abilities


You were on level 2 of the Dungeon.
You visited 1 branch of the dungeon, and saw 2 of its levels.

You collected 46 gold pieces.

Inventory:

Hand Weapons
 a - a +2 short sword
 f - a +3 dagger of venom
Armour
 b - a +0 buckler (worn)
 d - a +0 robe (worn)
 h - a +0 pair of boots (worn)
Magical Staves
 e - a staff of death (weapon)
Scrolls
 c - 2 scrolls of teleportation


   Skills:
 + Level 1.4 Fighting
 + Level 4.2 Short Blades
 + Level 1.5 Stealth
 + Level 2.5 Shields
 + Level 1.3 Spellcasting
 + Level 1.4 Necromancy


You had 3 spell levels left.
You knew the following spells:

 Your Spells              Type           Power      Damage    Failure   Level
a - Necrotise             Necr           28%        1d5       19%         1

Your spell library contained the following spells:

 Spells                   Type           Power      Damage    Failure   Level
 Vampiric Draining        Necr           7%         2d6       50%         3


Dungeon Overview and Level Annotations

Branches:
Dungeon (2/15)

Altars:
Zin


Message History

Press: ? - help, Q - select action Shift-Dir - straight line, f/p - rat
Aim: a rat (chance to affect: 72%)
You feel a surge of power!
You miscast Necrotise.
Nothing appears to happen.
You barely miss the rat. The rat closely misses you.
The adder barely misses you.
You hit the rat.
You kill the rat!
The adder bites you but does no damage. The adder barely misses you.
The adder bites you.
You are poisoned.
The adder poisons you!
You see here a rat corpse.
You feel sick. The hobgoblin barely misses you.
The hobgoblin attacks as you move away!
The hobgoblin hits you but does no damage.
You feel sick.
You see here 9 stones.
You hit the adder but do no damage.
You feel sick. The adder bites you. The adder barely misses you.
You barely miss the adder.
You feel sick. The adder closely misses you. The adder barely misses you. x3
You barely miss the adder.
You feel sick.
You are no longer poisoned.
The adder bites you. x2; You block the adder's attack.
You hit the adder.
The adder is lightly wounded.
You block the adder's attack. The adder closely misses you.
The adder bites you.
You hit the adder.
The adder is heavily wounded.
The adder bites you. The adder bites you but does no damage.
The adder closely misses you. The adder bites you.
* * * LOW HITPOINT WARNING * * *
You hit the adder.
The adder is severely wounded.
The adder closely misses you. The adder bites you.
* * * LOW HITPOINT WARNING * * *
You are lethally poisoned!
The adder poisons you! The adder bites you.
You die...

.## .?.. ..# ...$.
#####.# .....
###.....##......
.........#......
#.............
#g........
##S##....[.
#.####S@##.)....
#...............
#####.......#.##
#..##....# #
###.###.#....
######...#.....####
#......#......##
#..####.....#..#
##.##.###.#


You could see 2 adders and a hobgoblin.

Vanquished Creatures
  2 dart slugs (D:1)
  2 ball pythons (D:1)
  2 endoplasms (D:1)
  2 goblins
  5 hobgoblins
  5 bats
  2 frilled lizards (D:1)
  6 kobolds
  7 rats
33 creatures vanquished.

Notes
Turn   | Place    | Note
-------+----------+-------------------------------------------
     0 | D:1      | Barneous the Human Wanderer began the quest for the Orb.
     0 | D:1      | Barneous set off with the following items: a +2 short
                  | sword, a +0 buckler, a scroll of teleportation, a +0 robe;
                  | and the following spell memorised: Necrotise; and the
                  | following spells available to memorise: Vampiric Draining.
     0 | D:1      | Reached XP level 1. HP: 15/15 MP: 2/2
   114 | D:1      | Reached XP level 2. HP: 12/21 MP: 1/3
   910 | D:1      | Reached XP level 3. HP: 17/26 MP: 1/4
  1640 | D:2      | Found a glowing silver altar of Zin.
  1756 | D:2      | HP: 1/26 [adder (3)]
  1756 | D:2      | Slain by an adder

Illustrated notes

Levels and vault maps discovered:
D:1:      matt_arrival_spirals, layout_basic
D:2:      layout_rooms, basic_altar, uniq_terence, uniq_jessica

Action                   || total
-------------------------++-------
Melee: Staff             ||    83
 Cast: Necrotise         ||    29
  Use: Potion            ||     5
       Scroll            ||     5
Armor: Robe              ||    24
Dodge: Dodged            ||    60
Block: Buckler           ||    21
